 Dungeon Sprint DCSS version 0.29.1-12-g30fa7ad0bf (webtiles) character file.

Game seed: 12715266239400599489

4 112233 the Digger (level 1, 0/11 HPs)
             Began as an Octopode Earth Elementalist on Dec 25, 2022.
             Constricted to death by a ball python (1 damage)
             ... in the Dungeon (Sprint IX: "|||||||||||||||||||||||||||||").
             The game lasted 00:00:14 (23 turns).

112233 the Digger (Octopode Earth Elementalist)       Turns: 23, Time: 00:00:15

Health: 0/11       AC:  1    Str:  7    XL:     1   Next: 70%
Magic:  0/4        EV: 10    Int: 17    God:
Gold:   0          SH:  0    Dex: 12    Spells: 4/5 levels left

rFire   . . .      SeeInvis .   (no weapon)
rCold   . . .      Faith    .   (no shield)
rNeg    . . .      Spirit   .   (helmet restricted)
rPois   .          Reflect  .   (no amulet)
rElec   .          Harm     .   (no ring)
rCorr   .          Rampage  .   (no ring)
Will    .....      NoTele   +   (no ring)
Stlth   +++.......              (no ring)
HPRegen 0.03/turn               (no ring)
MPRegen 0.09/turn               (no ring)
                                (no ring)
                                (no ring)

@: constricted
A: almost no armour, amphibious, 8 rings, camouflage 1, gelatinous body 1,
(nimble swimmer 1), tentacles
a: no special abilities


You were in the Dungeon.
You visited 1 branch

Inventory:

Scrolls
 f - a scroll of blinking
Potions
 a - 3 potions of magic
 c - a potion of heal wounds
 d - a potion of haste
 e - a potion of berserk rage


   Skills:
 + Level 2.1 Dodging
 + Level 2.6 Stealth
 + Level 2.9 Spellcasting
 + Level 1.0 Transmutations
 + Level 3.6 Earth Magic


You had 4 spell levels left.
You knew the following spells:

 Your Spells              Type           Power      Damage    Failure   Level
a - Sandblast             Erth           30%        2d9       3%          1

Your spell library contained the following spells:

 Spells                   Type           Power      Damage    Failure   Level
 Passwall                 Tmut/Erth      8%         N/A       11%         2
 Stone Arrow              Conj/Erth      16%        3d8       26%         3
 Petrify                  Tmut/Erth      10%        N/A       56%         4


Dungeon Overview and Level Annotations

Branches:
Dungeon (1/1)

Altars:


Innate Abilities, Weirdness & Mutations

You cannot wear most types of armour.
You are amphibious.
You can wear up to eight rings at the same time.
Your skin changes colour to match your surroundings (Stealth+).
Your rubbery body absorbs attacks. (AC +1, EV +1)
((You are camouflaged when in or above water. (Stealth+)))
You have tentacles for arms and can constrict up to eight enemies at once.


Message History

The quokka bites you but does no damage.
Okay, then.
You release your grip on the quokka.
There is a staircase leading out of the dungeon here.
Casting: Sandblast (safe; 4% risk of failure)
Confirm with . or Enter, or press ? or * to list all spells.
You don't have enough magic to cast this spell.
Unknown command.
You barely miss the quokka. Your grab misses the quokka.
The quokka is lightly wounded.
The quokka barely misses you. x2
Unknown command.
You tentacle-slap the quokka but do no damage.
Your grab misses the quokka.
The quokka is lightly wounded.
The quokka closely misses you.
You barely miss the quokka. Your grab misses the quokka.
The quokka is lightly wounded.
The quokka bites you but does no damage.
Unknown command.
You tentacle-slap the quokka but do no damage.
You grab the quokka.
The quokka is lightly wounded.
You constrict the quokka, but do no damage.
The quokka bites you but does no damage.
You tentacle-slap the quokka but do no damage.
You squeeze the quokka.
The quokka is almost dead.
You constrict the quokka.
You kill the quokka!
The ball python barely misses you. The ball python grabs you.
The ball python constricts you.
* * * LOW HITPOINT WARNING * * *
You tentacle-slap the ball python. You grab the ball python.
The ball python is severely wounded.
You constrict the ball python, but do no damage.
The ball python bites you.
* * * LOW HITPOINT WARNING * * *
The ball python constricts you.
You die... ▓▓▓▓▓▓▓▓▓▓▓▓ ▓@S.†'†....+ ▓▓▓▓▓▓▓▓▓▓▓▓

You could see a ball python.

Vanquished Creatures
  A ball python (D)
  A jackal (D)
  A quokka (D)
  A rat (D)
4 creatures vanquished.

Notes
Turn   | Place    | Note
-------+----------+-------------------------------------------
     0 | D        | 112233 the Octopode Earth Elementalist began the quest for
                  | the Orb.
     0 | D        | Reached XP level 1. HP: 11/11 MP: 3/3
    23 | D        | Constricted to death by a ball python

Illustrated notes

Levels and vault maps discovered:
D:        linesprint [early_d, line_temple, items_1, d_10, items_2, lair_1,
          lair_end, items_3, orc_1, orc_end, items_4, d_15, swamp_1, shoals_1,
          snake_1, spider_1, d_20, vaults_1, items_5, swamp_end, shoals_end,
          snake_end, spider_end, vaults_end, d_27, items_6, zot_1, zot_end,
          crypt_end, forest_end, elf_end, slime_end, tomb_end, abyss_end,
          pan_hell_end]

Action                   || total
-------------------------++-------
Melee: Unarmed           ||    12
       Constrict         ||     4
       Tentacles         ||     2
 Cast: Sandblast         ||     4
  Use: Potion            ||     1
Armor: Skin              ||     4
Dodge: Dodged            ||    11
